 Dungeon Crawl Stone Soup version 0.23.1-37-gaa34b87b72 (webtiles) character file.

Game seed: 13562184754043867332

101 GGGomer the Gusty (level 4, 0/34 HPs)
             Began as a Gnoll Wanderer on Mar 21, 2019.
             Was an Initiate of Nemelex Xobeh.
             Succumbed to a worker ant's poison
             ... on level 3 of the Dungeon.
             The game lasted 00:08:42 (3433 turns).

GGGomer the Gusty (Gnoll Wanderer)                  Turns: 3433, Time: 00:08:43

Health: 0/34       AC:  4    Str: 18    XL:     4   Next: 75%
Magic:  8/8        EV: 13    Int: 12    God:    Nemelex Xobeh [......]
Gold:   91         SH:  3    Dex: 14    Spells: 8/9 levels left

rFire    . . .     SeeInvis .   q - +0 dagger
rCold    . . .     Gourm    .   (no shield)
rNeg     . . .     Faith    .   t - +0 leather armour (curse)
rPois    .         Spirit   .   (no helmet)
rElec    .         Reflect  +   (no cloak)
rCorr    .         Harm     .   u - +0 pair of gloves
MR       .....                  (no boots)
Stlth    ++........             s - +3 amulet of reflection
HPRegen  0.11/turn              (no ring)
MPRegen  0.11/turn              (no ring)

@: lethally poisoned (0 -> -21)
A: distributed training, fangs 1, strong nose
a: Draw Escape, Draw Destruction, Draw Summoning, Renounce Religion


You were on level 3 of the Dungeon.
You worshipped Nemelex Xobeh.
Nemelex Xobeh was noncommittal.
You were not hungry.

You visited 1 branch of the dungeon, and saw 3 of its levels.

You collected 91 gold pieces.

Inventory:

Hand Weapons
 a - a +0 spear
 b - a +0 whip
 d - a +0 blowgun
 f - a +0 dagger
 q - a +0 dagger (weapon)
Missiles
 c - 29 poisoned needles
 r - 31 arrows
Armour
 e - a +0 robe
 h - a +0 ring mail
 k - a +0 pair of gloves
 t - a cursed +0 leather armour (worn)
 u - a +0 pair of gloves (worn)
Jewellery
 s - a +3 amulet of reflection (around neck)
Scrolls
 j - a scroll of enchant armour {unknown}
 l - a scroll of identify {unknown}
 m - 2 scrolls of teleportation {unknown}
 o - a scroll of magic mapping {unknown}
 p - a scroll of random uselessness {unknown}
 v - a scroll of amnesia {unknown}
 w - a scroll of fog {unknown}
 y - a scroll of enchant weapon {unknown}
 A - a scroll of remove curse {unknown}
Potions
 i - a potion of resistance {unknown}
 n - 3 potions of curing {unknown}
 x - a potion of heal wounds {unknown}
 z - a potion of flight {unknown}
Comestibles
 g - 4 rations


   Skills:
 + Level 2.8 Fighting
 + Level 1.2 Short Blades
 + Level 1.2 Long Blades
 + Level 1.2 Axes
 + Level 1.2 Maces & Flails
 + Level 1.2 Polearms
 + Level 1.2 Staves
 + Level 1.2 Slings
 + Level 1.2 Bows
 + Level 1.2 Crossbows
 + Level 2.8 Throwing
 + Level 1.2 Armour
 + Level 2.8 Dodging
 + Level 4.3 Stealth
 + Level 1.2 Shields
 + Level 1.2 Unarmed Combat
 + Level 3.0 Spellcasting
 + Level 2.3 Conjurations
 + Level 1.0 Hexes
 + Level 1.0 Charms
 + Level 1.0 Summonings
 + Level 1.0 Necromancy
 + Level 1.0 Translocations
 + Level 1.0 Transmutations
 + Level 1.0 Fire Magic
 + Level 1.0 Ice Magic
 + Level 5.5 Air Magic
 + Level 1.0 Earth Magic
 + Level 1.0 Poison Magic
 + Level 1.3 Invocations
 + Level 1.2 Evocations


You had 8 spell levels left.
You knew the following spells:

 Your Spells              Type           Power        Failure   Level  Hunger
a - Magic Dart            Conj           #...         12%         1    #......

Your spell library contained the following spells:

 Spells                   Type           Power        Failure   Level  Hunger
 Mephitic Cloud           Conj/Pois/Air  #.......     26%         3    ###....
 Blink                    Tloc           N/A          28%         2    ###....
 Call Imp                 Summ           #.......     28%         2    ###....
 Slow                     Hex            #.......     28%         2    ###....
 Conjure Flame            Conj/Fire      #.......     41%         3    ###....


Dungeon Overview and Level Annotations

Branches:
Dungeon (3/15)

Altars:
Nemelex Xobeh


Innate Abilities, Weirdness & Mutations

Your experience applies equally to all skills.
You have very sharp teeth.
Your uncanny sense of smell can sniff out nearby items.


Message History

The worker ant is lightly wounded.
* * * LOW HITPOINT WARNING * * *
You feel sick.
The worker ant bites you but does no damage.
You barely miss the worker ant.
The worker ant is lightly wounded.
* * * LOW HITPOINT WARNING * * *
You feel sick. The worker ant bites you.
* * * LOW HITPOINT WARNING * * *
You are more poisoned.
The worker ant poisons you!
You hit the worker ant but do no damage.
The worker ant is lightly wounded.
* * * LOW HITPOINT WARNING * * *
You feel sick. The worker ant bites you.
* * * LOW HITPOINT WARNING * * *
You hit the worker ant but do no damage.
The worker ant is lightly wounded.
You die...
Your body disappears without a glow.

### ..# ########.#
#......#.#
#......#.#######.
#....@.'.........
#....a..##.#######
#.......##.....#
#.......######.#
................#
................#
##
................#
#.
...#...........## .
#.#####...........#


You could see a worker ant.

Vanquished Creatures
  4 adders (D:2)
  A dart slug (D:1)
  2 leopard geckos (D:1)
  An orc (D:2)
  4 ball pythons
  3 giant cockroaches
  11 goblins
  6 hobgoblins
  2 jackals (D:2)
  9 bats
  3 frilled lizards
  6 kobolds
  6 rats
58 creatures vanquished.

Notes
Turn   | Place    | Note
-------+----------+-------------------------------------------
     0 | D:1      | GGGomer the Gnoll Wanderer began the quest for the Orb.
     0 | D:1      | GGGomer set off with the following items: a +0 spear, 12
                  | poisoned needles, a +0 blowgun, a +0 robe, a +0 dagger, a
                  | ration; and the following spell memorised: Magic Dart; and
                  | the following spells available to memorise: Mephitic Cloud,
                  | Blink, Call Imp, Slow, Conjure Flame
     0 | D:1      | Reached XP level 1. HP: 17/17 MP: 4/4
   241 | D:1      | Reached XP level 2. HP: 23/23 MP: 5/5
   755 | D:1      | Reached XP level 3. HP: 22/28 MP: 7/7
  1558 | D:2      | Found a sparkling altar of Nemelex Xobeh.
  1570 | D:2      | Became a worshipper of Nemelex Xobeh the Trickster
  1616 | D:2      | Reached skill level 1 in Invocations
  1674 | D:2      | Reached skill level 1 in Short Blades
  1674 | D:2      | Reached skill level 1 in Long Blades
  1674 | D:2      | Reached skill level 1 in Axes
  1674 | D:2      | Reached skill level 1 in Maces & Flails
  1674 | D:2      | Reached skill level 1 in Polearms
  1674 | D:2      | Reached skill level 1 in Staves
  1674 | D:2      | Reached skill level 1 in Slings
  1674 | D:2      | Reached skill level 1 in Bows
  1674 | D:2      | Reached skill level 1 in Crossbows
  1674 | D:2      | Reached skill level 1 in Armour
  1674 | D:2      | Reached skill level 1 in Shields
  1674 | D:2      | Reached skill level 1 in Unarmed Combat
  1674 | D:2      | Reached skill level 1 in Evocations
  2155 | D:2      | Reached XP level 4. HP: 19/34 MP: 8/8
  2813 | D:2      | Reached skill level 1 in Hexes
  2813 | D:2      | Reached skill level 1 in Charms
  2813 | D:2      | Reached skill level 1 in Summonings
  2813 | D:2      | Reached skill level 1 in Necromancy
  2813 | D:2      | Reached skill level 1 in Translocations
  2813 | D:2      | Reached skill level 1 in Transmutations
  2813 | D:2      | Reached skill level 1 in Fire Magic
  2813 | D:2      | Reached skill level 1 in Ice Magic
  2813 | D:2      | Reached skill level 1 in Earth Magic
  2813 | D:2      | Reached skill level 1 in Poison Magic
  3433 | D:3      | Succumbed to a worker ant's poison

Skill      XL: |  1  2  3  4 |
---------------+-------------+-----
Conjurations   | 2 |  2.3
Invocations    | 1 |  1.3
Short Blades   | 1 |  1.2
Long Blades    | 1 |  1.2
Axes           | 1 |  1.2
Maces & Flails | 1 |  1.2
Polearms       | 1 |  1.2
Staves         | 1 |  1.2
Slings         | 1 |  1.2
Bows           | 1 |  1.2
Crossbows      | 1 |  1.2
Armour         | 1 |  1.2
Shields        | 1 |  1.2
Unarmed Combat | 1 |  1.2
Evocations     | 1 |  1.2
Spellcasting   | 3 |  3.0
Hexes          | 1 |  1.0
Charms         | 1 |  1.0
Summonings     | 1 |  1.0
Necromancy     | 1 |  1.0
Translocations | 1 |  1.0
Transmutations | 1 |  1.0
Fire Magic     | 1 |  1.0
Ice Magic      | 1 |  1.0
Earth Magic    | 1 |  1.0
Poison Magic   | 1 |  1.0
Fighting       | |  2.8
Throwing       | |  2.8
Dodging        | |  2.8
Stealth        | |  4.3
Air Magic      | |  5.5

Action                   |  1- 3 |  4- 6 || total
-------------------------+-------+-------++-------
Melee: Spear             |    70 |       ||    70
       Bite              |    12 |     9 ||    21
       Dagger            |    69 |   125 ||   194
       Punch             |     1 |       ||     1
 Stab: Sleeping          |     7 |       ||     7
  Eat: Ration            |     1 |     1 ||     2
       Chunk             |       |     4 ||     4
Armor: Robe              |    45 |    11 ||    56
       Ring mail         |     4 |     2 ||     6
       Leather armour    |       |    18 ||    18
Dodge: Dodged            |   125 |    97 ||   222
Block: Other             |     4 |    19 ||    23
